 Dungeon Crawl Stone Soup version 0.31-a0-360-gb3e1d13bf4 (webtiles) character file.

Game seed: 10061646520317464319

156 mopl the Insei (level 5, -1/34 HPs)
             Began as an Octopode Shapeshifter on July 26, 2023.
             Slain by an orc
             ... wielding a +0 club
              (4 damage)
             ... on level 3 of the Dungeon.
             The game lasted 00:02:31 (1284 turns).

mopl the Insei (Octopode Shapeshifter)              Turns: 1284, Time: 00:02:32

Health: -1/34      AC:  1    Str: 14    XL:     5   Next: 38%
Magic:  5/5        EV:  9    Int: 16    God:
Gold:   74         SH: 11    Dex: 15    Spells: 4/4 levels left

rFire   . . .        m - +9 spear of Bodily Humours {venom, rN+}
rCold   . . .        c - +0 tower shield
rNeg    + . .        (helmet currently unavailable)
rPois   .            (no amulet)
rElec   .            k - +6 ring of intelligence
rCorr   .            (no ring)
SInv    .            (no ring)
Will    .....        (no ring)
Stlth   ++           (no ring)
HPRegen 0.25/turn    (no ring)
MPRegen 0.09/turn    (no ring)
                     (no ring)

%: no passive effects
@: beast-form
A: beast (slay +2), almost no armour, amphibious, 8 rings, camouflage 1,
gelatinous body 1, (nimble swimmer 1), tentacles
a: Begin Untransformation


You were on level 3 of the Dungeon.
You were a hulking beast.
You visited 1 branch of the dungeon, and saw 3 of its levels.

You collected 74 gold pieces.

Inventory:

Hand Weapons
 m - the +9 spear of Bodily Humours (weapon) {venom, rN+}
   (You found it on level 2 of the Dungeon)

   rN:        It protects you from negative energy.
Missiles
 p - 6 javelins
Armour
 c - a +0 tower shield (worn)
Jewellery
 k - a +6 ring of intelligence (left tentacle)
Talismans
 b - a beast talisman
Scrolls
 e - 5 scrolls of teleportation {unknown}
 f - a scroll of identify {unknown}
 i - 2 scrolls of enchant armour {unknown}
 l - a scroll of blinking {unknown}
 n - 2 scrolls of immolation {unknown}
 o - a scroll of enchant weapon {unknown}
Potions
 a - 3 potions of lignification {!q}
 d - a potion of heal wounds {unknown}
 g - 2 potions of might {unknown}
 h - a potion of degeneration {unknown}
 j - a potion of curing {unknown}
 q - a potion of brilliance {unknown}


   Skills:
 + Level 2.0 Fighting
 + Level 2.8 Dodging
 * Level 4.1 Unarmed Combat
 * Level 3.8 Shapeshifting


You had 4 spell levels left.
You didn't know any spells.
Your spell library was empty.

Dungeon Overview and Level Annotations

Branches:
Dungeon (3/15)

Altars:
Makhleb

Shops:
D:1 *


Innate Abilities, Weirdness & Mutations

You are a hulking beast.
Your limbs bulge with bestial killing power. (Slay +2)
You cannot wear most types of armour.
You are amphibious.
You can wear up to eight rings at the same time.
Your skin changes colour to match your surroundings (Stealth+).
Your rubbery body absorbs attacks. (AC +1, EV +1)
((You are camouflaged when in or above water. (Stealth+)))
You have tentacles for arms and can constrict up to eight enemies at once.


Message History

You block the orc's attack.
You puncture the orc!
You kill the orc!
The adder bites you.
You are poisoned.
The adder poisons you!
You hit the adder.
The adder is poisoned.
You grab the adder.
The adder is moderately wounded.
You constrict the adder.
You feel sick. You block the adder's attack. The adder bites you.
You are too injured to fight recklessly!
You are too injured to fight recklessly!
You puncture the adder!
You kill the adder!
You feel sick.
You hit the orc priest.
The orc priest is poisoned.
Your grab misses the orc priest. You squeeze the orc priest.
The orc priest is severely wounded.
You feel sick. You block the orc priest's attack.
The orc priest hits you with a +0 club.
You hit the orc priest but do no damage.
The orc priest looks as sick as possible!
You grab the orc priest.
The orc priest is almost dead.
You constrict the orc priest, but do no damage.
You feel sick.
You are no longer poisoned.
The orc priest hits you with a +0 club.
* * * LOW HITPOINT WARNING * * *
You block the orc priest's attack.
You puncture the orc priest!
You kill the orc priest!
Your Fighting skill increases to level 2!
You barely miss the orc. Your grab misses the orc. You block the orc's attack.
The orc hits you with a +0 club.
* * * LOW HITPOINT WARNING * * *
You barely miss the orc. You grab the orc. You squeeze the orc.
The orc is heavily wounded.
You constrict the orc. The orc hits you with a +0 club.
You die...

### #.. #.### .o
#?#.. . #.#.# #o
#.#.# #.. #h#.#
####.######o#.##
......So.......#
.........##....#
.........##...)#
......)..####.##
.........# #.#
..........###.##
#######
...............#
.......


You could see an orc.

Vanquished Creatures
  An orc priest (D:3)
  Jessica (D:3)
  3 adders
  A worm (D:3)
  A dart slug (D:1)
  An orc (D:3)
  5 endoplasms
  3 giant cockroaches
  5 goblins
  2 hobgoblins
  16 jackals
  A quokka (D:1)
  7 ball pythons
  6 bats
  A frilled lizard (D:1)
  6 kobolds
  4 rats
64 creatures vanquished.

Notes
Turn   | Place    | Note
-------+----------+-------------------------------------------
     0 | D:1      | mopl the Octopode Shapeshifter began the quest for the Orb.
     0 | D:1      | Reached XP level 1. HP: 13/13 MP: 1/1
   141 | D:1      | Found Gept's Assorted Antiques.
   157 | D:1      | Reached XP level 2. HP: 16/18 MP: 2/2
   435 | D:1      | Reached XP level 3. HP: 23/23 MP: 3/3
   707 | D:2      | Found a burning altar of Makhleb.
   862 | D:2      | Reached XP level 4. HP: 28/28 MP: 4/4
   876 | D:2      | Identified the +9 spear of Bodily Humours {venom, rN+}
  1259 | D:3      | Noticed Jessica
  1269 | D:3      | Killed Jessica
  1270 | D:3      | Reached skill level 4 in Unarmed Combat
  1271 | D:3      | Reached XP level 5. HP: 23/34 MP: 5/5
  1283 | D:3      | Reached skill level 2 in Fighting
  1284 | D:3      | Slain by an orc

Illustrated notes

Levels and vault maps discovered:
D:1:      spicycebolla_arrival_transporter_tutorial, layout_loops_cross,
          serial_shops, nicolae_shop_tiny_glass
D:2:      layout_rooms, basic_altar
D:3:      layout_basic, uniq_sigmund, uniq_crazy_yiuf_cottage, uniq_jessica,
          uniq_robin, uniq_natasha

Skill      XL: |  1  2  3  4  5 |
---------------+----------------+-----
Unarmed Combat | 4 |  4.1
Fighting       | 2 |  2.0
Dodging        | |  2.8
Shapeshifting  | |  3.8

Action                     |  1- 3 |  4- 6 || total
---------------------------+-------+-------++-------
  Melee: Unarmed           |    72 |     7 ||    79
         Constrict         |    13 |     6 ||    19
         Tentacles         |     8 |     2 ||    10
         Spear             |       |    27 ||    27
         Punch             |       |     1 ||     1
   Stab: Sleeping          |     7 |     3 ||    10
         Distracted        |     1 |       ||     1
 Armour: Skin              |     5 |     2 ||     7
  Dodge: Dodged            |    15 |     6 ||    21
  Block: Tower shield      |    36 |    15 ||    51

Table legend: (Time is in decaauts)
 A = Elapsed time spent in this place.
 B = Non-inter-level travel time spent in this place.
 C = Inter-level travel time spent in this place.
 D = Time resting spent in this place.
 E = Time spent auto-exploring this place.
 F = Levels seen in this place.
 G = Mean time per level.
                   A        B        C        D        E       F      G
               +--------+--------+--------+--------+--------+-----+--------+
         Total |   1332 |   1299 |     33 |     95 |    761 |   3 |  444.0 |
       Dungeon |   1332 |   1299 |     33 |     95 |    761 |   3 |  444.0 |
               +--------+--------+--------+--------+--------+-----+--------+

Top non-repeatable levels by time:
     D:1: 729 daAuts
     D:2: 514 daAuts
     D:3: 88 daAuts
